 Dungeon Sprint DCSS version 0.31.0-12-g77e489cdc1 (webtiles) character file.

Game seed: 13667366161870684135

1 BigDaddyOpFi the Purveyor of Pain (level 1, 0/13 HPs)
             Began as a Mummy Necromancer on Mar 7, 2024.
             Was an Initiate of Kikubaaqudgha.
             Slain by an ufetubus (3 damage)
             ... in the Dungeon (Sprint VII: "The Pits").
             The game lasted 00:01:05 (89 turns).

BigDaddyOpFi the Purveyor of Pain (Mummy Necromancer) Turns: 89, Time: 00:01:06

Health: 0/13       AC:  2    Str: 11    XL:     1   Next: 16%
Magic:  1/4        EV: 12    Int: 14    God:    Kikubaaqudgha [......]
Gold:   0          SH:  0    Dex: 12    Spells: 4/5 levels left

rFire   x . .        c - +2 hand axe
rCold   + . .        (no shield)
rNeg    + + +        a - +0 robe
rPois   ∞            (no helmet)
rElec   .            (no cloak)
rCorr   .            (no gloves)
SInv    .            (no boots)
Will    .....        (no amulet)
Stlth   ++           (no ring)
HPRegen 0.22/turn    (no ring)
MPRegen 0.09/turn

%: no teleportation, faith
@: very slightly contaminated
A: cold resistance 1, negative energy resistance 3, torment resistance 2, heat
vulnerability 1, in touch with death 1, no potions, faith
a: Renounce Religion


You were in the Dungeon.
You worshipped Kikubaaqudgha.
Kikubaaqudgha was noncommittal.
You visited 1 branch

Inventory:

Hand Weapons
 c - a +2 hand axe (weapon)
Armour
 a - a +0 robe (worn)
Scrolls
 d - 2 scrolls of vulnerability
 e - 5 scrolls of amnesia
 f - a scroll of butterflies


   Skills:
 - Level 1.5 Dodging
 - Level 1.5 Stealth
 + Level 2.7 Spellcasting
 * Level 4.5 Necromancy


You had 4 spell levels left.
You knew the following spells:

 Your Spells              Type           Power      Damage    Failure   Level
a - Necrotise             Necr           88%        1d8       3%          1

Your spell library contained the following spells:

 Spells                   Type           Power      Damage    Failure   Level
 Vampiric Draining        Necr           22%        2d7       10%         3
 Animate Dead             Necr           22%        N/A       32%         4
 Curse of Agony           Necr           22%        N/A       67%         5


Dungeon Overview and Level Annotations

Branches:
Dungeon (1/1)

Altars:
Ashenzari
Cheibriados
Dithmenos
Fedhas
Gozag
Hepliaklqana
Kikubaaqudgha
Makhleb
Nemelex Xobeh
Okawaru
Qazlal
Ru
Sif Muna
Trog
Uskayaw
Vehumet
Wu Jian
Xom
Yredelemnul
Jiyva
Lugonu


Innate Abilities, Weirdness & Mutations

You are immune to poison.
Your flesh is cold resistant. (rC+)
You are immune to negative energy. (rN+++)
You are immune to unholy pain and torment.
You are vulnerable to heat. (rF-)
You are in touch with the powers of death.
You do not drink.
You have a special connection with the divine. (Faith)


Message History

Casting: Necrotise (safe; 3% risk of failure)
Confirm with . or Enter, or press ? or * to list all spells.
You can't see any susceptible monsters within range! (Use Z to cast anyway.)
Casting: Necrotise (safe; 3% risk of failure)
Confirm with . or Enter, or press ? or * to list all spells.
You can't see any susceptible monsters within range! (Use Z to cast anyway.)
Casting: Necrotise (safe; 3% risk of failure)
Confirm with . or Enter, or press ? or * to list all spells.
You can't see any susceptible monsters within range! (Use Z to cast anyway.)
Casting: Necrotise (safe; 3% risk of failure)
Confirm with . or Enter, or press ? or * to list all spells.
Aiming: Necrotise (safe; 3% risk of failure)
Press: ? - help, Shift-Dir - straight line, f - ufetubus
Aim: an ufetubus (moderately wounded, not susceptible)
You feel a surge of power!
You miscast Necrotise.
You are very lightly contaminated with residual magic.
Nothing appears to happen.
The ufetubus slips past you! The ufetubus closely misses you.
The ufetubus barely misses you. x2
The ufetubus closely misses you.
Unknown command.
Unknown command.
Casting: Necrotise (safe; 3% risk of failure)
Confirm with . or Enter, or press ? or * to list all spells.
Aiming: Necrotise (safe; 3% risk of failure)
Press: ? - help, Shift-Dir - straight line, f - quokka, p - ufetubus
Aim: a quokka (lightly wounded, chance to affect: 91%)
You feel a surge of power!
The quokka writhes in agony.
The ufetubus completely misses you. The ufetubus closely misses you.
Unknown command.
Casting: Necrotise (safe; 3% risk of failure)
Confirm with . or Enter, or press ? or * to list all spells.
Aiming: Necrotise (safe; 3% risk of failure)
Press: ? - help, Shift-Dir - straight line, f/p - quokka
Aim: a quokka (severely wounded, chance to affect: 91%)
You feel a surge of power!
The quokka writhes in agony.
You kill the quokka!
Kikubaaqudgha accepts your kill.
The dead are hopping!
The ufetubus closely misses you. The ufetubus hits you.
You die...
Kikubaaqudgha rasps: "You have failed me!
Welcome... oblivion!"

############
#_________.#
#_________.#
#_______...###########++
##########'##...........
#..(!')))'.##......#..#
##########.##Z.........
#...........'..@5.......
#+#####'#####......#..#.
#...+ #........... #...#
####'#####+ #####
#.......# #.......#
#.......# #...<...#
#.......#


You could see an ufetubus (ally target) and a friendly quokka skeleton.

Vanquished Creatures
  A hobgoblin (D)
  A quokka (D)
2 creatures vanquished.

Notes
Turn   | Place    | Note
-------+----------+-------------------------------------------
     0 | D        | BigDaddyOpFi the Mummy Necromancer began the quest for the
                  | Orb.
     0 | D        | Reached XP level 1. HP: 13/13 MP: 4/4
    16 | D        | Found a bloodstained altar of Trog.
    16 | D        | Found a shimmering blue altar of Sif Muna.
    16 | D        | Found a viscous altar of Jiyva.
    16 | D        | Found a hazy altar of Hepliaklqana.
    16 | D        | Found an opulent altar of Gozag.
    17 | D        | Found a basalt altar of Yredelemnul.
    17 | D        | Found a shimmering altar of Xom.
    17 | D        | Found an ornate altar of the Wu Jian Council.
    17 | D        | Found a sacrificial altar of Ru.
    17 | D        | Found a stormy altar of Qazlal.
    17 | D        | Found an iron altar of Okawaru.
    17 | D        | Found a sparkling altar of Nemelex Xobeh.
    17 | D        | Found a burning altar of Makhleb.
    17 | D        | Found a blossoming altar of Fedhas.
    17 | D        | Found a shadowy altar of Dithmenos.
    17 | D        | Found a snail-covered altar of Cheibriados.
    19 | D        | Found a radiant altar of Vehumet.
    19 | D        | Found a corrupted altar of Lugonu.
    20 | D        | Found a hide-covered altar of Uskayaw.
    20 | D        | Found an ancient bone altar of Kikubaaqudgha.
    20 | D        | Found a broken altar of Ashenzari.
    29 | D        | Became a worshipper of Kikubaaqudgha
    89 | D        | Slain by an ufetubus

Illustrated notes

Levels and vault maps discovered:
D:        pitsprint [storerooms_1, entrance_room_1, metal_vault_7, armoury_3,
          mini_pit_1, grid_room_1, main_hall_1, silver_pit, the_coven_2,
          the_vestibule_1, steel_vault_3, golden_pit, hallway_of_sentries,
          crystal_vault_4, iron_vault_2, final_vault]

Action                     || total
---------------------------++-------
  Melee: Hand axe          ||     2
   Cast: Necrotise         ||     4
    Use: Scroll            ||     1
 Armour: Robe              ||     5
  Dodge: Dodged            ||    16
